Unix NetHack Version 5.0.0-0 post-release - last build May  4 2026 22:22:43 (774f63e81ad911689b3a0859ea89b322d5daca8d,branch:main).

Game began 2026-05-07 13:54:00, ended 2026-05-07 14:36:23.

BSL2425737, lawful female dwarven Valkyrie

  -----
  |<..---
  |.....-
  --..|....
   --.|-.@...-
    ---........
        --.|.a..
           ---@.
             |..

               @

BSL2425737 the Skirmisher   St:17 Dx:13 Co:15 In:10 Wi:7 Ch:11  Lawful
Dlvl:5  $:14 HP:0(43) Pw:5(5) AC:6  Xp:4 T:1247 

Latest messages:
 A manes suddenly appears close by!
 The manes hits!
 The manes just misses!
 The manes misses!
 The manes hits!
 The manes hits again!
 The manes bites!
 You are beginning to feel hungry.
 The manes hits!
 The manes hits again!
 The manes bites!
 What do you want to throw? [$abjmwzD or ?*] z
 In what direction? 4
 The dart misses the gnome.
 You see here a dart.
 You hear rumbling in the distance.
 What do you want to eat? [dhnprsACF or ?*] *
 You cannot eat that!
 What do you want to eat? [dhnprsACF or ?*] *
 Blecch!  Rotten food!
 You are beginning to feel hungry.
 You descend the stairs.
 What do you want to eat? [dhnprsACF or ?*] *
 Yak - dog food!
 You finish eating the tripe ration.
 You feel slightly confused.
 You can't seem to think straight.
 You feel incredibly sick.
 You are about to vomit.
 You vomit!
 You feel a bit steadier now.
 You feel less confused now.
 You can move again.
 There are several objects here.
 I - a crossbow.
 You have trouble lifting a dwarf corpse.  Continue? [ynq] (q) n
 J - a pick-axe.
 The soldier ant bites!
 The soldier ant stings!
 The soldier ant bites!
 The soldier ant stings!
 The soldier ant bites!
 The soldier ant just misses!
 The soldier ant bites!
 You die...
 Do you want your possessions identified? [ynq] (y) y
 Do you want to see your attributes? [ynq] (y) y
 Do you want an account of creatures vanquished? [ynaq] (y) y
 Do you want to see your conduct and achievements? [ynq] (y) y
 Do you want to see the dungeon overview? [ynq] (y) y

Inventory:
 Coins    ('$')
  $ - 14 gold pieces
 Weapons  (')')
  w - 9 poisoned +0 crossbow bolts (wielded)
  D - a cursed +0 bow
  I - a +0 crossbow
  m - a blessed +2 sling
  z - a cursed -2 dart
  j - 11 +0 shuriken
  b - a +0 dagger
  a - a +1 dwarvish spear (at the ready)
 Armor    ('[')
  o - a cursed -1 orcish helm
  c - an uncursed +3 small shield (being worn)
 Comestibles  ('%')
  n - an uncursed cram ration
  s - an uncursed partly eaten cram ration
  h - an uncursed cream pie
  d - an uncursed food ration
  A - an uncursed melon
  C - an uncursed gecko corpse
  r - an uncursed lichen corpse
  F - an uncursed newt corpse
 Potions  ('!')
  l - an uncursed potion of full healing
  y - an uncursed potion of object detection
 Tools    ('(')
  e - an uncursed oil lamp
  u - an uncursed oil lamp
  J - a +0 pick-axe
  E - an uncursed tin opener
 Gems/Stones  ('*')
  t - an uncursed jasper stone
  B - 2 uncursed worthless pieces of yellow glass
  v - an uncursed worthless piece of yellowish brown glass
  G - 11 uncursed rocks

BSL2425737 the Valkyrie's attributes:

Background:
 You were a Skirmisher, a level 4 dwarven Valkyrie.
 You were lawful, nominally on a mission for Tyr
 who was opposed by Odin (neutral) and Loki (chaotic).
 You were right-handed.
 You were in the Gnomish Mines, on level 5.
 You entered the dungeon 1247 turns ago.
 You had 94 experience points, 66 more were needed to attain level 5.

Basics:
 You had 0 out of 43 hit points.
 You had all 5 energy points (spell power).
 Your armor class was 6.
 Your wallet contained 14 zorkmids.
 Autopickup was off.

Final Characteristics:
 Your strength was 17 (limit:18/100).
 Your dexterity was 13 (limit:20).
 Your constitution was 15 (limit:20).
 Your intelligence was 10 (limit:16).
 Your wisdom was 7 (limit:16).
 Your charisma was 11 (limit:16).

Final Status:
 You weren't hungry.
 You were unencumbered.
 You were wielding bolts.

Final Attributes:
 You were devoutly aligned.
 You were cold resistant.
 You had infravision.
 You were stealthy.
 You are dead.

Miscellaneous:
 You encountered 1 bones level.
 Total elapsed playing time was 42 minutes and 21 seconds.

Major events:
 Turn
    1: BSL2425737 the lawful dwarven Valkyrie entered the dungeon
  794: entered the Gnomish Mines
  815: attained the rank of Skirmisher (level 3)
 1217: reached Mine Town
 1247: killed by a soldier ant

You didn't know any spells.

Skills:
 Fighting Skills
   bare handed combat [Unskilled]
   two weapon combat  [Unskilled]
   riding             [Unskilled]
 Weapon Skills
   dagger             [Basic]
   axe                [Unskilled]
   pick-axe           [Unskilled]
   short sword        [Unskilled]
   broadsword         [Unskilled]
   long sword         [Unskilled]
   two-handed sword   [Unskilled]
   saber              [Unskilled]
   hammer             [Unskilled]
   quarterstaff       [Unskilled]
   polearms           [Unskilled]
   spear              [Basic]
   trident            [Unskilled]
   lance              [Unskilled]
   sling              [Unskilled]
 Spellcasting Skills
   attack spells      [Unskilled]
   escape spells      [Unskilled]

Voluntary challenges:
 Character rerolling was not enabled.
 You were an atheist.
 You were illiterate.
 You never genocided any monsters.
 You never polymorphed an object.
 You never changed form.
 You used no wishes.
Achievements:
 You entered a shop.
 You entered the Gnomish Mines.
 You attained the rank of Skirmisher.
 You entered Minetown.

 The Dungeons of Doom: levels 1 to 2
    Level 1:
       Some fountains, a sink.
    Level 2:
       A general store.
       Stairs down to The Gnomish Mines.
 The Gnomish Mines: levels 3 to 5
    Level 3:
    Level 4:
    Level 5: <- You were here.
       Final resting place for
          you, killed by a soldier ant,
          Brudee-Bar-Hum-Fem-Cha, killed by a soldier ant.


Vanquished creatures:
  a kobold leader
  6 gnomes
  a gecko
  5 jackals
  a fox
  a kobold
  a goblin
  2 sewer rats
  a bat
  3 lichens
  6 newts
28 creatures vanquished.

No species were genocided or became extinct.

Game over:
                       ----------
                      /          \
                     /    REST    \
                    /      IN      \
                   /     PEACE      \
                  /                  \
                  |    BSL2425737    |
                  |      14 Au       |
                  |   killed by a    |
                  |   soldier ant    |
                  |                  |
                  |                  |
                  |       2026       |
                 *|     *  *  *      | *
        _________)/\\_//(\/(/\)/\//\/|_)_______

Farvel BSL2425737 the Valkyrie...

You died in The Gnomish Mines on dungeon level 5 with 589 points,
and 14 pieces of gold, after 1247 moves.
You were level 4 with a maximum of 43 hit points when you died.

